 Dungeon Crawl Stone Soup version 0.27-a0-416-gca2cecf3c0 (webtiles) character file.

Game seed: 45089195564676952

97 Gaff the Sneak (level 4, -3/33 HPs)
             Began as a Vampire Brigand on Feb 25, 2021.
             Killed by divine providence
             ... invoked by an orc priest
              (14 damage)
             ... on level 3 of the Dungeon.
             The game lasted 00:07:34 (1690 turns).

Gaff the Sneak (Vampire Brigand)                    Turns: 1690, Time: 00:07:34

Health: -3/33      AC:  5    Str: 10    XL:     4   Next: 42%
Magic:  4/4        EV: 11    Int: 13    God:
Gold:   33         SH:  0    Dex: 16    Spells: 3/3 levels left

rFire    . . .     SeeInvis +   a - +2 dagger
rCold    . . .     Faith    .   (no shield)
rNeg     . . .     Spirit   .   n - +1 leather armour
rPois    .         Reflect  .   (no helmet)
rElec    .         Harm     .   c - +0 cloak
rCorr    .         Rampage  .   (no gloves)
Will     .....                  (no boots)
Stlth    ++++......             (no amulet)
HPRegen  0.31/turn              (no ring)
MPRegen  0.09/turn              (no ring)

@: regenerating quickly
A: fangs 3, see invisible, unbreathing
a: Exsanguinate


You were on level 3 of the Dungeon.
You visited 1 branch of the dungeon, and saw 3 of its levels.

You collected 33 gold pieces.

Inventory:

Hand Weapons
 a - a +2 dagger (weapon)
 i - a +0 dagger of venom
 s - a +0 hunting sling
Missiles
 d - 8 poisoned darts
 e - 5 curare-tipped darts
 j - 222 stones (quivered)
 m - 54 sling bullets
 q - 6 atropa-tipped darts
Armour
 b - a +0 robe
 c - a +0 cloak (worn)
 n - a +1 leather armour (worn)
Scrolls
 f - 2 scrolls of enchant weapon {unknown}
 k - 5 scrolls of identify {unknown}
Potions
 g - a potion of lignification {unknown}
 l - a potion of curing {unknown}
 o - a potion of attraction {unknown}
 p - a potion of invisibility {unknown}


   Skills:
 + Level 1.9 Fighting
 + Level 2.9 Short Blades
 + Level 1.8 Throwing
 + Level 0.5 Armour
 + Level 1.3 Dodging
 + Level 7.9 Stealth


You had 3 spell levels left.
You didn't know any spells.
Your spell library was empty.

Dungeon Overview and Level Annotations

Branches:
Dungeon (3/15)

Altars:
Uskayaw
Wu Jian


Innate Abilities, Weirdness & Mutations

Your natural rate of healing is unusually fast.
You have razor-sharp teeth.
You have supernaturally acute eyesight. (SInv)
You can survive without breathing.


Message History

Your +0 leather armour glows green for a moment.
As you read the scroll labelled IRIWEOMPIL, it crumbles to dust.
You feel strangely unstable.
It was a scroll of teleportation.
The orc barely misses you. The orc misses you.
You hit the orc.
The orc is severely wounded.
You hit the orc but do no damage.
The orc is severely wounded.
The orc hits you. The orc hits you but does no damage.
You barely miss the orc.
The orc is severely wounded.
Your surroundings suddenly seem different.
Splash!
You fall into the shallow water.
Moving in this stuff is going to be slow.
An orc comes into view. It is wielding a +0 dagger.
The orc shouts!
An orc comes into view. It is wielding a +2 dagger of freezing.
The orc shouts!
An orc comes into view. It is wielding a +0 dagger.
The orc shouts!
You hear a shout!
The orc misses you. The orc hits you with a +0 dagger.
Found 13 sling bullets.
An orc priest comes into view. It is wielding a +0 flail.
The orc priest shouts!
You hear a shout!
The orc barely misses you.
Found 20 stones.
An orc comes into view. It is wielding a +0 club.
The orc priest barely misses you.
The orc priest mumbles some strange prayers to Beogh against you.
Beogh smites you!
Found a scroll labelled QINEUQ VICU.
The orc priest begins to cast a cantrip, but forgets the words!
The orc priest calls down the wrath of Beogh upon you.
Beogh smites you!
You hear a shout!
You hear a shout! x2; You hear an angry hiss.
The orc priest calls down the wrath of Beogh upon you.
Beogh smites you!
You die...

##.≈........#
#.≈≈.♣o≈.♣..#
####.≈≈.oo≈.####
#######
#≈≈.≈.≈≈o≈≈.....
#....#
#.≈.♣#≈≈o##.#(..
#....# #.≈≈≈.≈..≈(.#
#....# ####≈≈≈.≈.###
##o#.o.# ..≈≈.≈≈.≈.#
#oo###o......≈≈♣@..#
.o## .####≈..≈.≈.≈#
### # ###......#
...# #....?..# ...#
.........# ...#
#.######### ...# .
.... .. ...#
#.########## #.


You could see an orc priest and 4 orcs.

Vanquished Creatures
  4 adders
  An ooze (D:3)
  3 leopard geckos
  5 giant cockroaches
  7 goblins
  8 hobgoblins
  5 kobolds
  A quokka (D:2)
  8 bats
  2 frilled lizards (D:1)
  6 rats
50 creatures vanquished.

Vanquished Creatures (others)
  6 plants (D:3)
6 creatures vanquished.

Grand Total: 56 creatures vanquished

Notes
Turn   | Place    | Note
-------+----------+-------------------------------------------
     0 | D:1      | Gaff the Vampire Brigand began the quest for the Orb.
     0 | D:1      | Reached XP level 1. HP: 16/16 MP: 1/1
    19 | D:1      | Reached skill level 6 in Stealth
   129 | D:1      | Reached XP level 2. HP: 22/22 MP: 2/2
   608 | D:1      | Reached skill level 7 in Stealth
   754 | D:2      | Reached XP level 3. HP: 27/27 MP: 3/3
   834 | D:2      | Found a hide-covered altar of Uskayaw.
   835 | D:2      | Noticed a +0 hand axe
   836 | D:2      | Noticed a +0 dagger
  1414 | D:3      | Reached XP level 4. HP: 33/33 MP: 4/4
  1491 | D:3      | Found an ornate altar of the Wu Jian Council.
  1690 | D:3      | Killed from afar by an orc priest

Illustrated notes

Levels and vault maps discovered:
D:1:      scummos_arrival_hexagon, layout_loops_ring,
          chequers_serial_rivers_large_b
D:2:      layout_rooms, dancing_weapons_uskayaw, minmay_tromino_v7
D:3:      layout_rooms, nicolae_overflow_crystal_walls, lemuel_doored_altar,
          chequers_decorated_corner, serial_bayou_ford_a,
          chequers_serial_rivers_marsh

Skill      XL: |  1  2 |
---------------+-------+-----
Stealth        | 6 7 |  7.9
Fighting       | |  1.9
Short Blades   | |  2.9
Throwing       | |  1.8
Armour         | |  0.5
Dodging        | |  1.3

Action                   |  1- 3 |  4- 6 || total
-------------------------+-------+-------++-------
Melee: Dagger            |    85 |    39 ||   124
       Bite              |     6 |     4 ||    10
Throw: Stone             |     9 |     8 ||    17
  Use: Scroll            |       |     2 ||     2
 Stab: Sleeping          |    20 |     1 ||    21
       Distracted        |     1 |       ||     1
Armor: Robe              |     1 |       ||     1
       Leather armour    |    15 |    10 ||    25
Dodge: Dodged            |    33 |    32 ||    65

Table legend: (Time is in decaauts)
 A = Elapsed time spent in this place.
 B = Non-inter-level travel time spent in this place.
 C = Inter-level travel time spent in this place.
 D = Time resting spent in this place.
 E = Time spent auto-exploring this place.
 F = Levels seen in this place.
 G = Mean time per level.
                   A        B        C        D        E       F      G
               +--------+--------+--------+--------+--------+-----+--------+
         Total |   1705 |   1651 |     54 |     14 |   1020 |   3 |  568.3 |
       Dungeon |   1705 |   1651 |     54 |     14 |   1020 |   3 |  568.3 |
               +--------+--------+--------+--------+--------+-----+--------+

Top non-repeatable levels by time:
     D:1: 739 daAuts
     D:2: 601 daAuts
     D:3: 365 daAuts
